 Dungeon Crawl Stone Soup version 0.29.1-1-gd02db6906a (webtiles) character file.

Game seed: 15843077185687753477

67 hawla the Digger (level 4, -5/28 (33) HPs)
             Began as a Meteoran Earth Elementalist on Oct 22, 2022.
             Slain by a gnoll
             ... wielding a +0 halberd
              (12 damage)
             ... on level 2 of the Dungeon.
             The game lasted 00:07:11 (1102 turns).

hawla the Digger (Meteoran Earth Elementalist)      Turns: 1102, Time: 00:07:11

HP:   -5/28 (33)    AC:  3    Str: 10    XL:     4   Next: 67%
MP:   9/10          EV: 12    Int: 18    God:
Gold: 78            SH:  0    Dex: 14    Spells: 1/9 levels left

rFire   . . .      SeeInvis .   o - staff of earth
rCold   . . .      Faith    .   (no shield)
rNeg    . . .      Spirit   .   a - +0 robe
rPois   .          Reflect  .   (no helmet)
rElec   .          Harm     .   d - +0 cloak
rCorr   .          Rampage  .   (no gloves)
Will    .....                   (no boots)
Stlth   +.........              m - amulet of magic regeneration
HPRegen 0.09/turn               (no ring)
MPRegen 0.52/turn               (no ring)

@: glowing, heavily drained
A: sense surroundings 1, otherworldly, glowing, explore regen
a: no special abilities


You were on level 2 of the Dungeon.
You visited 1 branch of the dungeon, and saw 2 of its levels.

You collected 78 gold pieces.

Inventory:

Armour
 a - a +0 robe (worn)
 d - a +0 cloak (worn)
Magical Staves
 o - a staff of earth (weapon)
Jewellery
 f - an amulet of regeneration
 m - an amulet of magic regeneration (around neck)
Scrolls
 g - a scroll of teleportation
 j - a scroll of brand weapon {unknown}
 k - a scroll of identify
 n - a scroll of blinking {unknown}
 p - a scroll of acquirement {unknown}
Potions
 b - a potion of magic
 c - a potion of brilliance
 e - a potion of heal wounds {unknown}
 h - a potion of curing {unknown}
 i - a potion of flight {unknown}
 l - 2 potions of cancellation {unknown}


   Skills:
 - Level 2.5 Dodging
 - Level 1.4 Stealth
 - Level 3.3 Spellcasting
 - Level 0.4 Conjurations
 - Level 1.2 Transmutations
 - Level 5.4 Earth Magic
 + Level 0.2 Evocations


You had one spell level left.
You knew the following spells:

 Your Spells              Type           Power      Damage    Failure   Level
a - Sandblast             Erth           66%        2d15      1%          1
b - Passwall              Tmut/Erth      18%        N/A       6%          2
c - Stone Arrow           Conj/Erth      40%        3d9       14%         3
d - Searing Ray           Conj           8%         2d4       21%         2

Your spell library contained the following spells:

 Spells                   Type           Power      Damage    Failure   Level
 Magic Dart               Conj           16%        1d3       13%         1
 Petrify                  Tmut/Erth      22%        N/A       38%         4
 Fulminant Prism          Conj/Hex       1%         3d6       82%         4


Dungeon Overview and Level Annotations

Branches:
Dungeon (2/15) Zot: 267

Altars:


Innate Abilities, Weirdness & Mutations

You passively map a small area around you.
You are easily found by Zot.
You glow in the dark.
You regain HP and MP as you explore.


Message History

Confirm with . or Enter, or press ? or * to list all spells.
Aiming: Searing Ray (safe; 21% risk of failure)
Press: ? - help, Shift-Dir - straight line, f - endoplasm
Aim: an endoplasm (98% to hit)
The searing ray hits the endoplasm.
The endoplasm is heavily wounded. (Press . to maintain the ray.)
The searing ray hits the endoplasm.
You kill the endoplasm!
There is an open door here.
You see here a +0 leather armour.
You open the door.
There is an open door here.
You open the door.
There is an open door here.
As you open the door, it creaks loudly!
There is an open door here.
You open the door.
There is an open door here.
p - a scroll labelled KAAMAE ODOASS You open the door.
There is an open door here.
You open the door. 4 gnolls come into view.
The gnoll shouts! x4
Found a stone staircase leading down.
The gnoll hits you from afar with a +0 halberd!
Casting: Searing Ray (safe; 21% risk of failure)
Confirm with . or Enter, or press ? or * to list all spells.
Aiming: Passwall (safe; 6% risk of failure)
Press: ? - help, Dir - move target You can't see that place.
You feel a surge of power!
The gnoll hits you from afar with a +0 halberd!
* * * LOW HITPOINT WARNING * * *
You begin to meditate on the wall.
You continue meditating on the rock.
The gnoll barely misses you.
You continue meditating on the rock.
The gnoll hits you from afar with a +0 halberd!
You die...

#.....'.....'.....'.....'[... .
#.#.####...###...###...###...
#...##..####.##.##.##.##.##,##.#
*#.......#.###...###...### , ###
#.###.##..##.....#.....# , *
#......'....gg..>..+, , ,
#####.##...gg#.....# *
........###...## ...## ,, *
*######### ##@##, .## * * * ###
, # * , ,, ,,,,+,, , * ,, , * *
* , * * , , , ,* , * , * , ,* ,
, , * # , , ,, , * .# ,


You could see 4 gnolls.

Vanquished Creatures
  Jessica (D:2)
  A dart slug (D:1)
  6 endoplasms
  A giant cockroach (D:1)
  6 hobgoblins
  3 jackals (D:1)
  3 kobolds
  2 quokkas (D:1)
  2 ball pythons (D:1)
  3 bats (D:1)
  4 frilled lizards (D:1)
  4 rats (D:1)
36 creatures vanquished.

Notes
Turn   | Place    | Note
-------+----------+-------------------------------------------
     0 | D:1      | hawla the Meteoran Earth Elementalist began the quest for
                  | the Orb.
     0 | D:1      | Reached XP level 1. HP: 14/14 MP: 5/5
    67 | D:1      | Reached skill level 4 in Earth Magic
    67 | D:1      | Reached XP level 2. HP: 18/20 MP: 1/6
    70 | D:1      | Learned a level 2 spell: Passwall
   128 | D:1      | Reached XP level 3. HP: 26/26 MP: 3/8
   192 | D:1      | Found a faded altar of an unknown god.
   446 | D:1      | Learned a level 3 spell: Stone Arrow
   483 | D:1      | Glimpsed the power of Zot.
   531 | D:1      | Glimpsed the power of Zot.
   571 | D:1      | Glimpsed the power of Zot.
   581 | D:1      | Touched by the power of Zot.
   673 | D:2      | Noticed Jessica
   859 | D:2      | Killed Jessica
   860 | D:2      | Reached skill level 5 in Earth Magic
   860 | D:2      | Reached XP level 4. HP: 21/26 MP: 6/10
  1043 | D:2      | Learned a level 2 spell: Searing Ray
  1102 | D:2      | Slain by a gnoll

Illustrated notes

Levels and vault maps discovered:
D:1:      lordsloth_arrival_two_stooges, layout_basic,
          shapermc_ecumenical_altar_totnotflames, minivault_4
D:2:      layout_loops_corners, nicolae_hexahallways, minmay_misc_feat_alley,
          st_stairs_3, kennysheep_generic_room_16, uniq_jessica

Skill      XL: |  1  2  3 |
---------------+----------+-----
Earth Magic    | 4 5 |  5.4
Spellcasting   | 3 |  3.3
Dodging        | |  2.5
Stealth        | |  1.4
Conjurations   | |  0.4
Transmutations | |  1.2
Evocations     | |  0.2

Action                   |  1- 3 |  4- 6 || total
-------------------------+-------+-------++-------
Melee: Unarmed           |     9 |       ||     9
 Cast: Sandblast         |    37 |       ||    37
       Stone Arrow       |     7 |     4 ||    11
       Passwall          |     4 |     1 ||     5
       Searing Ray       |       |     1 ||     1
  Use: Scroll            |     3 |       ||     3
Armor: Robe              |     8 |       ||     8
Dodge: Dodged            |    16 |     2 ||    18
